 Dungeon Crawl Stone Soup version 0.31-a0-237-g2d982f9f85 (webtiles) character file.

Game seed: 296013648627032293

6332 garrulousMonolith the Spear-Bearer (level 10, -3/79 HPs)
             Began as a Demonspawn Fighter on July 12, 2023.
             Was a Priest of Yredelemnul.
             Slain by a vampire (4 damage)
             ... on level 9 of the Dungeon.
             The game lasted 00:12:21 (9070 turns).

garrulousMonolith the Spear-Bearer (DsFi)           Turns: 9070, Time: 00:12:22

Health: -3/79      AC: 13    Str: 18    XL:     10   Next: 64%
Magic:  18/24      EV:  9    Int: 10    God:    Yredelemnul [***...]
Gold:   513        SH:  6    Dex: 15    Spells: 9/9 levels left

rFire   . . .        k - +3 spear (freeze)
rCold   . . .        c - +0 buckler
rNeg    . . .        F - +0 chain mail
rPois   .            j - +0 helmet
rElec   .            (no cloak)
rCorr   .            (no gloves)
SInv    .            J - +1 pair of boots
Will    .....        (no amulet) Stlth
                     E - ring of flight
HPRegen 0.33/turn    G - ring of magical power
MPRegen 0.19/turn

%: no passive effects
@: flying, hasted, very quick
A: foul stench 2, spiny 2, demonic touch 1
a: Renounce Religion, Recall Undead Harvest, Dark Bargain


You were on level 9 of the Dungeon.
You worshipped Yredelemnul.
Yredelemnul was noncommittal.
You visited 1 branch of the dungeon, and saw 9 of its levels.
You also visited: Sewer.

You collected 543 gold pieces.
You spent 30 gold pieces at shops.

Inventory:

Hand Weapons
 a - a +0 trident
 k - a +3 spear of freezing (weapon)
Missiles
 e - 13 boomerangs (quivered)
 t - 18 poisoned darts
 A - a curare-tipped dart
 C - 6 boomerangs of dispersal
Armour
 c - a +0 buckler (worn)
 j - a +0 helmet (worn)
 y - the +0 scale mail "Raiw" {Dex+2}
   (You found it in a sewer)

   Dex:       It affects your dexterity (+2).
 F - a +0 chain mail (worn)
 J - a +1 pair of boots (worn)
Jewellery
 E - a ring of flight (left hand)
 G - a ring of magical power (right hand)
 I - a ring of protection from fire
Wands
 l - a wand of paralysis (31)
 B - a wand of polymorph (14)
 K - a wand of flame (14)
Scrolls
 b - 2 scrolls of enchant weapon {unknown}
 f - 4 scrolls of teleportation
 g - a scroll of revelation
 h - a scroll of summoning {unknown}
 m - 4 scrolls of enchant armour {unknown}
 n - 5 scrolls of identify
 o - 3 scrolls of noise {unknown}
 s - 4 scrolls of fog {unknown}
 x - 3 scrolls of vulnerability {unknown}
 D - a scroll of blinking {unknown}
 H - 2 scrolls of poison {unknown}
Potions
 d - a potion of might
 i - 3 potions of mutation
 p - 3 potions of heal wounds {unknown}
 q - 3 potions of attraction
 r - a potion of enlightenment {unknown}
 u - 2 potions of invisibility {unknown}
 v - 2 potions of resistance {unknown}
 w - a potion of magic
 z - 2 potions of haste
 L - 2 potions of lignification {unknown}
 M - a potion of ambrosia {unknown}


   Skills:
 + Level 7.0 Fighting
 * Level 8.2 Polearms
 + Level 6.4 Armour
 + Level 5.4 Dodging
 + Level 6.2 Shields
 + Level 7.2 Invocations


You had 9 spell levels left.
You didn't know any spells.
Your spell library contained the following spells:

 Spells                   Type           Power      Damage    Failure   Level
 Beastly Appendage        Tmut           0%         N/A       98%         1
 Magic Dart               Conj           0%         1d3       98%         1
 Searing Ray              Conj           0%         2d4       99%         2
 Wereblood                Tmut           0%         N/A       99%         2
 Spider Form              Tmut/Pois      0%         N/A       100%        3
 Summon Guardian Golem    Hex/Summ       0%         N/A       100%        3
 Fulminant Prism          Conj/Hex       0%         3d5       100%        4
 Orb of Destruction       Conj           0%         9d5       100%        7
 Spellforged Servitor     Conj/Summ      0%         N/A       100%        7


Dungeon Overview and Level Annotations

Branches:
Dungeon (9/15)             Temple (0/1) D:7            Lair (0/5) D:8
    Orc (0/2) D:9           Sewer (visited)

Altars:
Gozag
Hepliaklqana
Makhleb
Nemelex Xobeh
Qazlal
Ru
Sif Muna
Trog
Yredelemnul

Shops:
D:1 ?   D:2 *   D:3 *   D:7 (

Annotations:
D:1 1 transporter


Innate Abilities, Weirdness & Mutations

You sometimes emit foul miasma when damaged in melee.
You are mostly covered in sharp spines.
Your touch may inflict minor irresistible damage on your foes.


Message History

Okay, then.
You puncture something! You freeze something. Something hits you!
Something bites you.
Something draws strength from your injuries!
You miss something. Something hits you. You block something's attack.
You hit something but do no damage. You closely miss something.
Something hits you. Something bites you but does no damage.
You hit something. Something hits you but does no damage.
Something bites you but does no damage.
You closely miss something. You closely miss something. Something hits you.
Something bites you.
* * * LOW HITPOINT WARNING * * *
Something draws strength from your injuries!
You completely miss something. Something hits you but does no damage.
Something bites you.
* * * LOW HITPOINT WARNING * * *
Something draws strength from your injuries!
It was a potion of magic.
Magic courses through your body. Something hits you but does no damage.
Something bites you but does no damage.
You can now drain ambient life force.
It was a potion of haste.
You feel yourself speed up. Something hits you.
* * * LOW HITPOINT WARNING * * *
Something bites you but does no damage.
You hit something. You hit something but do no damage.
Something draws life force from you!
* * * LOW HITPOINT WARNING * * *
You can now bind living souls.
You hit something but do no damage. Something hits you.
* * * LOW HITPOINT WARNING * * *
You block something's attack.
Activating: Drain Life (9% risk of failure)
Press: ? - help, Dir - look around, f - activate
There are no drainable targets visible.
Drain Life anyway?
You draw life from your surroundings.
Yredelemnul accepts your bounty of souls!
You can no longer bind living souls.
You hit something. Something hits you.
You die...
Your body rises from the dead as a mindless zombie.

#.))## ####..#Z.#..Z..#.
##.### ##....###.###.
#..# ##.......# ## #.##
#.Z....## # #..#
#....).# # #.## ##.....#
# #. ##########......# #
.. #....ZZZ...##..######
#.#
#..{@ZZZ...###.#.Z... ..
#..ZZZZ....##....##Z.
.......ZZ.........#.#..#
##............###.....ZZ
........................
####.........########...
#[........# #...
########### ####


You could see 2 friendly killer bee zombies, 6 friendly orc zombies, a friendly
orc warrior zombie, a friendly orc wizard zombie and 2 friendly centaur zombies.

Vanquished Creatures
  A two-headed ogre (D:9)
  A wraith (D:9)
  5 yaks
  3 orc warriors (D:9)
  A black bear (D:7)
  An ice beast (D:7)
  2 ogres (D:6)
  A centaur (D:9)
  A phantom (D:4)
  3 bullfrogs (D:8)
  2 kobold brigands
  2 wyvern zombies (D:7)
  4 scorpions
  9 wights
  18 killer bees
  An electric eel (D:7)
  A howler monkey (D:8)
  3 centaur zombies (D:7)
  2 hounds
  4 orc priests
  A gnoll bouda (D:8)
  3 iguanas
  3 sleepcaps
  5 orc wizards
  A killer bee zombie (D:7)
  A howler monkey zombie (D:7)
  Robin (D:2)
  13 gnolls
  8 adders
  2 white imps
  An ufetubus (D:5)
  A worm (D:2)
  4 dart slugs
  31 orcs
  9 ball pythons
  6 endoplasms
  16 giant cockroaches
  13 goblins
  10 hobgoblins
  20 kobolds
  2 quokkas
  6 bats
  10 frilled lizards
  7 rats
239 creatures vanquished.

Vanquished Creatures (collateral kills)
  A steam dragon (D:9)
  A yak (D:9)
  An orc warrior (D:8)
  3 centaurs (D:9)
  A bullfrog (D:8)
  A scorpion (D:6)
  4 wights
  An electric eel (D:7)
  A howler monkey (D:5)
  A bullfrog zombie (D:7)
  A gnoll bouda (D:7)
  A killer bee zombie (D:7)
  A white imp (D:8)
  6 orcs
  2 kobolds
  A frilled lizard (Sewer)
27 creatures vanquished.

Vanquished Creatures (others)
  A two-headed ogre zombie (D:9)
  A yak zombie (D:9)
  A centaur zombie (D:9)
  A bullfrog zombie (D:8)
  2 killer bee zombies (D:9)
  An ogre zombie (D:6)
  A hound zombie (D:6)
  A howler monkey zombie (D:8)
  An adder zombie (D:6)
  An iguana zombie (D:7)
  7 orc zombies
  A spectral white imp (D:7)
  A bat zombie (Sewer)
  7 gnoll zombies
  2 frilled lizard zombies (Sewer)
  2 giant cockroach zombies
  4 kobold zombies (D:7)
35 creatures vanquished.

Grand Total: 301 creatures vanquished

Notes
Turn   | Place    | Note
-------+----------+-------------------------------------------
     0 | D:1      | garrulousMonolith the Demonspawn Fighter began the quest
                  | for the Orb.
     0 | D:1      | Reached XP level 1. HP: 18/18 MP: 1/1
    66 | D:1      | Reached skill level 2 in Polearms
    74 | D:1      | Gained mutation: Your touch may inflict minor irresistible
                  | damage on your foes. [demonic ancestry]
    74 | D:1      | Reached XP level 2. HP: 18/24 MP: 2/2
   188 | D:1      | Found Onausix's Magic Scroll Emporium.
   387 | D:1      | Found a faded altar of an unknown god.
   611 | D:1      | Bought a scroll of teleportation for 30 gold pieces
   689 | D:2      | Noticed a scorpion
   709 | D:2      | Killed a scorpion
   710 | D:2      | Reached skill level 1 in Dodging
   710 | D:2      | Gained mutation: You are partially covered in sharp spines.
                  | [demonic ancestry]
   710 | D:2      | Reached XP level 3. HP: 11/29 MP: 3/3
   710 | D:2      | Reached XP level 4. HP: 13/35 MP: 4/4
   746 | D:2      | Noticed Robin
  1000 | D:2      | Killed Robin
  1109 | D:2      | Identified the +1 robe "Ugatutry" {rElec}
  1125 | D:2      | Reached skill level 3 in Polearms
  1264 | D:2      | Reached XP level 5. HP: 41/41 MP: 5/5
  1437 | D:2      | Found Maeck's Assorted Antiques.
  1641 | D:3      | Found a sparkling altar of Nemelex Xobeh.
  1745 | D:3      | Found a basalt altar of Yredelemnul.
  1765 | D:3      | Became a worshipper of Yredelemnul the Dark
  1861 | D:3      | Identified the +0 leather armour "Wonot" {rF+++ rC- Str+5}
  1884 | D:3      | Reached * piety under Yredelemnul
  2001 | D:3      | Found a burning altar of Makhleb.
  2017 | D:3      | Found a shimmering blue altar of Sif Muna.
  2101 | D:3      | Found Ogaumar's General Store.
  2402 | D:4      | Noticed a phantom
  2420 | D:4      | Killed a phantom
  2421 | D:4      | Reached skill level 1 in Invocations
  2693 | D:4      | Found a glowing drain.
  2710 | Sewer    | Entered a sewer
  2733 | Sewer    | Gained mutation: You are mostly covered in sharp spines.
                  | [demonic ancestry]
  2733 | Sewer    | Reached XP level 6. HP: 41/48 MP: 6/6
  2893 | Sewer    | Identified the +0 scale mail "Raiw" {Dex+2}
  3282 | D:4      | Found a hazy altar of Hepliaklqana.
  3282 | D:4      | Found a bloodstained altar of Trog.
  3665 | D:5      | Entered Level 5 of the Dungeon
  3950 | D:5      | Reached skill level 4 in Polearms
  3953 | D:5      | Gained mutation: You may rarely emit foul miasma when
                  | damaged in melee. [demonic ancestry]
  3953 | D:5      | Reached XP level 7. HP: 50/54 MP: 8/8
  4210 | D:5      | Found a sacrificial altar of Ru.
  4858 | D:6      | Gained mutation: You sometimes emit foul miasma when
                  | damaged in melee. [demonic ancestry]
  4858 | D:6      | Reached XP level 8. HP: 61/61 MP: 10/10
  5032 | D:7      | Reached skill level 5 in Polearms
  5291 | D:7      | Reached skill level 5 in Fighting
  5932 | D:7      | Reached ** piety under Yredelemnul
  5960 | D:7      | Found a staircase to the Ecumenical Temple.
  6018 | D:7      | Reached skill level 5 in Armour
  6024 | D:7      | Reached skill level 6 in Polearms
  6196 | D:7      | Reached XP level 9. HP: 46/68 MP: 12/12
  6205 | D:7      | Reached skill level 5 in Shields
  6392 | D:7      | Found Nituicu's Weapon Emporium.
  6447 | D:7      | Reached skill level 5 in Invocations
  6886 | D:8      | Found a staircase to the Lair.
  6972 | D:8      | Reached *** piety under Yredelemnul
  7569 | D:8      | Found a stormy altar of Qazlal.
  7744 | D:8      | Reached skill level 7 in Polearms
  8020 | D:9      | Noticed a two-headed ogre
  8046 | D:9      | Killed a two-headed ogre
  8047 | D:9      | Reached XP level 10. HP: 10/77 MP: 14/14
  8327 | D:9      | Reached skill level 5 in Dodging
  8448 | D:9      | Found a staircase to the Orcish Mines.
  8544 | D:9      | Found an opulent altar of Gozag.
  8644 | D:9      | Reached skill level 8 in Polearms
  8728 | D:9      | Reached **** piety under Yredelemnul
  8999 | D:9      | Reached ***** piety under Yredelemnul
  9068 | D:9      | HP: 1/79 [something (3)]
  9070 | D:9      | Slain by a vampire

Illustrated notes

Levels and vault maps discovered:
D:1:      spicycebolla_arrival_risky_transporter, layout_rooms,
          basic_ecumenical_altar, serial_shops, nicolae_shop_statue_plus
D:2:      cheibrodos_old_hovel, layout_basic, serial_shops,
          nicolae_lakefront_shop, minmay_misc_feat_more_columns, uniq_robin
D:3:      minmay_roachtagon, layout_loops_cross,
          mainiacjoe_overflow_concentric_impassable,
          mainiacjoe_overflow_catwalk, mainiacjoe_overflow_catch_the_wave,
          serial_shops, nicolae_shop_rolling_square, dk_noncrumbling_3
D:4:      layout_layer_cave, amethyst_overflow_temple_binary,
          portal_sewer_entry_a
D:5:      layout_rooms, old_standard_altar, nicolae_twisty_statue_hallways
D:6:      layout_cave_pools, nicolae_tso_swordbearing_angel,
          grunt_decor_one_mirror
D:7:      layout_basic, mainiacjoe_overflow_surrounded_room, temple_pool_b,
          serial_undead, serial_undead_f, serial_undead_a, serial_undead_f,
          serial_undead_f, serial_shops, nicolae_shop_stone
D:8:      layout_layer_cave, lemuel_round_altar, grunt_lair_entry_orc_guard_hut,
          nrook_mini_vaults
D:9:      layout_rooms, nicolae_gozag_cash_rules_everything_around_me,
          hiddenorc2_lemuel, kennysheep_small_square

Skill      XL: |  1  2  3  4  5  6  7  8  9 10 |
---------------+-------------------------------+-----
Polearms       | 2 3 4 6 7 8 |  8.2
Armour         | 3 4 5 6 |  6.4
Dodging        | 1 2 3 4 5 |  5.4
Shields        | 3 4 5 6 |  6.2
Invocations    | 1 2 3 4 6 7 |  7.2
Fighting       | 4 5 6 7 |  7.0

Action                     |  1- 3 |  4- 6 |  7- 9 | 10-12 || total
---------------------------+-------+-------+-------+-------++-------
  Melee: Trident           |    77 |   227 |    94 |       ||   398
         Spear             |       |       |   184 |   202 ||   386
  Throw: Boomerang         |       |     1 |       |       ||     1
 Invoke: Recall Undead Har |       |     1 |     3 |       ||     4
         Dark Bargain      |       |       |     1 |       ||     1
         Drain Life        |       |       |       |     1 ||     1
  Evoke: Wand              |       |       |     1 |       ||     1
    Use: Scroll            |     2 |     2 |       |       ||     4
         Potion            |     1 |       |     5 |     2 ||     8
   Stab: Distracted        |       |     1 |     1 |     2 ||     4
 Armour: Scale mail        |    19 |    60 |    10 |       ||    89
         Chain mail        |       |       |    99 |    35 ||   134
  Dodge: Dodged            |    29 |    69 |    99 |    30 ||   227
  Block: Buckler           |    16 |    29 |    49 |    23 ||   117

Table legend: (Time is in decaauts)
 A = Elapsed time spent in this place.
 B = Non-inter-level travel time spent in this place.
 C = Inter-level travel time spent in this place.
 D = Time resting spent in this place.
 E = Time spent auto-exploring this place.
 F = Levels seen in this place.
 G = Mean time per level.
                   A        B        C        D        E       F      G
               +--------+--------+--------+--------+--------+-----+--------+
         Total |   9054 |   8851 |    203 |   1993 |   5246 |  10 |  905.4 |
       Dungeon |   8673 |   8470 |    203 |   1864 |   5119 |   9 |  963.7 |
         Sewer |    380 |    380 |      0 |    129 |    126 |   1 |  380.0 |
               +--------+--------+--------+--------+--------+-----+--------+

Top non-repeatable levels by time:
     D:7: 1668 daAuts
     D:8: 1300 daAuts
     D:4: 1003 daAuts
     D:2: 987 daAuts
     D:9: 978 daAuts
     D:6: 768 daAuts
     D:3: 700 daAuts
     D:1: 665 daAuts
     D:5: 601 daAuts
   Sewer: 380 daAuts
